Map: Galactic Process LE

Players

Fropez - Winner!

  • Race: Protoss Protoss
  • League: Gold
  • Spawn Location: 1:00

dadododojo

  • Race: Protoss Protoss
  • League: Gold
  • Spawn Location: 7:00

VOD

Have the link to the VOD?

Description

Time

  • Played on: Nov. 8, 2016, 10:35 a.m.
  • Length: 8:42
Show
View Real Time Build Order
Export as new Build Order

Fropez Protoss - Winner!

Build Orders:  

Get SALT Encoding   

  12  0:00  Probe (Chrono Boost)  
  13  0:12  Probe (Chrono Boost)  
  14  0:19  Pylon  
  14  0:22  Probe (Chrono Boost)  
  15  0:29  Assimilator  
  15  0:38  Probe (Chrono Boost)  
  16  0:43  Gateway  
  16  0:48  Probe (Chrono Boost)  
  17  0:59  Probe (Chrono Boost)  
  18  1:06  Gateway  
  18  1:09  Probe (Chrono Boost)  
  19  1:20  Probe (Chrono Boost)  
  19  1:21  Pylon  
  20  1:37  Cybernetics Core  
  20  1:41  Assimilator  
  20  1:42  Probe (Chrono Boost)  
  21  1:52  Probe (Chrono Boost)  
  22  2:05  Probe (Chrono Boost)  
  23  2:10  Nexus  
  23  2:21  Adept (Chrono Boost)  
  25  2:23  Adept (Chrono Boost)  
  25  2:29  Warp Gate (Chrono Boost)  
  27  2:40  Probe  
  30  2:52  Probe  
  30  2:54  Adept (Chrono Boost)  
  31  3:01  Pylon  
  31  3:12  Pylon  
  31  3:19  Adept x2, Probe  
  36  3:31  Probe  
  35  3:42  Gateway  
  35  3:49  Twilight Council  
  35  3:50  Forge  
  35  3:53  Pylon  
  35  3:55  Probe  
  35  3:56  Probe  
  35  4:12  Resonating Glaives (Chrono Boost)  
  33  4:30  Mothership Core  
  35  4:33  Adept x2  
  39  4:42  Adept  
  41  4:45  Probe  
  41  4:50  Assimilator  
  42  4:54  Probe, Protoss Ground Weapons Level 1 (Chrono Boost)  
  41  5:00  Adept x2  
  43  5:25  Adept  
  43  5:26  Adept x2  
  47  5:31  Gateway  
  47  5:32  Probe  
  47  5:33  Probe  
  47  5:39  Gateway  
  47  5:40  Pylon  
  47  5:48  Adept x3  
  53  5:55  Assimilator  
  53  6:08  Pylon  
  53  6:09  Stalker x3  
  59  6:16  Pylon  
  48  6:28  Stalker x2  
  48  6:30  Gateway  
  52  6:37  Pylon  
  47  6:55  Pylon  
  47  6:59  Pylon  
  44  7:01  Pylon  
  44  7:03  Pylon  
  44  7:04  Stalker  
  38  7:42  Stalker  
  37  7:49  Stalker  
  39  7:55  Probe x2  
  39  7:58  Nexus  
  41  8:12  Pylon  
  41  8:14  Pylon x2  
  41  8:26  Pylon  
  41  8:30  Pylon  
Show
View Real Time Build Order
Export as new Build Order

dadododojo Protoss 

Build Orders:  

Get SALT Encoding   

  12  0:01  Probe (Chrono Boost)  
  13  0:11  Probe (Chrono Boost)  
  14  0:20  Pylon  
  14  0:22  Probe (Chrono Boost)  
  15  0:38  Probe (Chrono Boost)  
  15  0:41  Gateway  
  16  0:49  Probe (Chrono Boost)  
  17  0:56  Assimilator  
  17  0:59  Assimilator  
  17  1:01  Probe (Chrono Boost)  
  19  1:11  Probe (Chrono Boost)  
  19  1:22  Probe (Chrono Boost)  
  20  1:28  Cybernetics Core  
  20  1:41  Probe (Chrono Boost)  
  21  1:55  Nexus  
  21  1:56  Probe (Chrono Boost)  
  22  2:04  Warp Gate (Chrono Boost)  
  22  2:11  Pylon  
  22  2:21  Probe  
  23  2:28  Pylon  
  25  2:33  Probe  
  26  2:38  Stalker  
  26  2:49  Forge  
  26  3:06  Probe  
  27  3:13  Probe  
  27  3:17  Stalker  
  30  3:23  Stargate  
  29  3:37  Protoss Air Weapons Level 1 (Chrono Boost)  
  25  3:51  Probe x2  
  26  4:01  Protoss Ground Weapons Level 1  
  23  4:21  Void Ray (Chrono Boost)  
  27  4:29  Probe  
  26  4:37  Stalker  
  29  5:00  Void Ray (Chrono Boost), Probe  
  29  5:01  Probe  
  31  5:12  Probe  
  31  5:13  Probe  
  32  5:25  Probe  
  27  5:49  Void Ray (Chrono Boost)  
Tags
 
League
GoldGold
Matchup
PvP
Replay Pack
All Mines
Spawn Locations
Cross Positions
Add a new tag
Caveats
  • Supply blocks, unpowered buildings, or Contaminate may cause inaccurate times.
  • Supply counts are checked every 10 seconds.